 Dungeon Crawl Stone Soup version bcrawl-1.38.1 (webtiles) character file.

Game seed: 1794520172491384190

299039 Artagas the Fighter (level 10, -8/88 HPs)
             Began as an Oni Conjurer on Apr 7, 2023.
             Was a Believer of Cheibriados.
             Mangled by a large slime creature (23 damage)
             ... on level 8 of the Dungeon on Apr 8, 2023.
             The game lasted 00:37:40 (9520 turns).

Artagas the Fighter (Oni Conjurer)                  Turns: 9520, Time: 00:37:41

Health: -8/88      AC:  6    Str: 17    XL:     10   Next: 90%
Magic:  8/33       EV: 15    Int: 22    God:    Cheibriados [**....]
Gold:   243        SH:  0    Dex: 16    Spells: 2/25 levels left

rFire    + . .     GDR:     31% u - +3 flail (drain)
rCold    . . .     SeeInvis .   (no shield)
rNeg     . . .     Gourm    +   I - +2 robe {rF+}
rPois    .         Faith    .   (helmet restricted)
rElec    .         Spirit   .   h - +0 cloak
rCorr    .         Reflect  .   (no gloves)
MR       .....     Clarity  +   l - +0 pair of boots
Stlth    ++........             j - amulet of the gourmand
HPRegen  0.24/turn              (no ring)
MPRegen  0.23/turn              x - ring of magical power

@: very slightly contaminated, very slow
A: oni magic, claws 1, fangs 1, horns 1
a: Bend Time, Defer, Renounce Religion


You were on level 8 of the Dungeon.
You worshipped Cheibriados.
Cheibriados was pleased with you.
You were very hungry.

You visited 2 branches of the dungeon, and saw 9 of its levels.

You collected 663 gold pieces.
You spent 420 gold pieces at shops.

Inventory:

Hand Weapons
 d - a +0 falchion
   (You took it off a kobold on level 1 of the Dungeon)
 u - a +3 flail of draining (weapon)
   (You took it off an orc on level 3 of the Dungeon)
 B - a +0 hunting sling
   (You found it on level 3 of the Dungeon)
 E - a +2 dagger of electrocution
   (You took it off an orc on level 6 of the Dungeon)
Missiles
 f - 75 poisoned needles
 i - 548 stones
 n - 398 sling bullets
 o - 722 arrows
 p - 136 poisoned tomahawks (quivered)
 y - 51 javelins
Armour
 a - a +0 animal skin
 h - a +0 cloak (worn)
   (You took it off Crazy Yiuf on level 6 of the Dungeon)
 k - a +0 leather armour
   (You found it on level 2 of the Dungeon)
 l - a +0 pair of boots (worn)
   (You found it on level 1 of the Dungeon)
 C - a +0 plate armour
   (You found it on level 3 of the Dungeon)
 I - a +2 robe of fire resistance (worn)
   (You took it off Pikel on level 6 of the Dungeon)
Jewellery
 j - an amulet of the gourmand (around neck)
   (You found it on level 1 of the Dungeon)
 x - a ring of magical power (right claw)
   (You found it on level 4 of the Dungeon)
Wands
 w - a wand of charming (4)
   (You found it on level 6 of the Dungeon)
 J - a wand of iceblast (6)
   (You found it on level 6 of the Dungeon)
Scrolls
 b - a scroll of amnesia
 m - a scroll of fear
 t - 7 scrolls of teleportation
 z - a scroll of fog
Potions
 c - a potion of magic
 q - 3 potions of curing
 s - 2 potions of agility
 v - a potion of degeneration {unknown}
 A - 3 potions of mutation
 D - a potion of cancellation {unknown}
 F - a potion of might {unknown}
 N - 2 potions of lignification {unknown}
Comestibles
 e - 9 rations {!d}


   Skills:
 - Level 8.0 Fighting
 + Level 4.7 Armour
 - Level 5.0 Dodging
 - Level 1.7 Stealth
 - Level 8.0 Spellcasting
   Level 8.0 Conjurations
   Level 8.0 Hexes
   Level 8.0 Charms
   Level 8.0 Summonings
   Level 8.0 Necromancy
   Level 8.0 Translocations
   Level 8.0 Transmutations
   Level 8.0 Fire Magic
   Level 8.0 Ice Magic
   Level 8.0 Air Magic
   Level 8.0 Earth Magic
   Level 8.0 Poison Magic
 + Level 4.5 Invocations
 + Level 3.8 Evocations


You had 2 spell levels left.
You knew the following spells:

 Your Spells              Type           Power        Failure   Level  Hunger
a - Magic Dart            Conj           ####         1%          1    None
b - Searing Ray           Conj           #####...     1%          2    None
c - Iskenderun's Mystic   Conj           #####...     1%          3    None
d - Sandblast             Erth           #####.       1%          1    None
e - Fulminant Prism       Conj/Hex       #####.....   2%          4    ###....
f - Tukima's Dance        Hex            #####...     1%          3    None
g - Irradiate             Conj/Tmut      #####.....   8%          5    #####..
h - Sticky Flame          Conj/Fire      #####...     2%          4    ###....

Your spell library contained the following spells:

 Spells                   Type           Power        Failure   Level  Hunger
 Flaming Arrows           Chrm/Fire      #####...     1%          2    None
 Animate Dead             Necr           N/A          1%          4    ###....


Dungeon Overview and Level Annotations

Branches:
Dungeon (8/12)             Temple (1/1) D:6
   Lair: D:7-9          Orc: D:8-11

Altars:
Ashenzari
Cheibriados
Dithmenos
Fedhas
Gozag
Hepliaklqana
Kikubaaqudgha
Lugonu
Makhleb
Nemelex Xobeh
Okawaru
Qazlal
Ru
Sif Muna
Uskayaw
Vehumet
Wu Jian
Xom
Yredelemnul

Shops:
D:6 *


Innate Abilities, Weirdness & Mutations

You learn spells by gaining experience, not through books or religion.
You only train spellcasting to practice magic.
You have sharp fingernails.
You have very sharp teeth.
You have a pair of small horns on your head.


Message History

Harold is blasted with magical radiation!!
Harold is severely wounded.
Harold twists and deforms.
You are very lightly contaminated with residual magic.
Your magic feels tainted.
Your control over your magic is sapped.
The lindwurm breathes flames at you. You resist. The blast of flame hits you.
Your fulminant prism explodes!
The blast of energy engulfs Harold!!
You kill Harold!
Cheibriados thoroughly appreciates the change of pace.
You can now move away your foes.
Cheibriados raises the support of your attributes as your movement slows.
Harold looks down at his mortal wounds and cries, "But... this was my last day before retirement..."
The blast of energy engulfs the lindwurm!!
You kill the lindwurm!
Cheibriados appreciates the change of pace.
You hear a shout!
Your Armour skill increases to level 4!
Your Invocations skill increases to level 4!
Your Evocations skill increases to level 3!
You start resting.
An orc comes into view. It is wielding a +0 trident.
You struggle against the net.
The orc barely misses you.
You struggle against the net.
The orc closely misses you.
You struggle against the net.
Your magic seems less tainted.
You shred the net and break free! The orc hits you but does no damage.
You hit the orc. You drain the orc.
You kill the orc!
Cheibriados appreciates the change of pace.
A slime creature comes into view.
Casting: Irradiate (safe; 8% risk of failure)
Confirm with . or Enter, or press ? or * to list all spells.
Aiming: Fulminant Prism (safe; 2% risk of failure)
Press: ? - help, Dir - move target cursor You conjure a prism of explosive energy!
A slime creature comes into view.
Your fulminant prism crackles loudly.
The slime creature closely misses you.
Your fulminant prism explodes!
The blast of energy engulfs the slime creature!
The slime creature is moderately wounded.
The slime creature quivers.
You hear a shout!
You are feeling very hungry.
You sock the slime creature! You drain the slime creature.
You bite the slime creature.
The slime creature is heavily wounded.
The slime creature hits you!
A slime creature comes into view.
The slime creature barely misses you.
You sock the slime creature! You headbutt the slime creature.
The slime creature is severely wounded.
The slime creature hits you.
Casting: Fulminant Prism (safe; 2% risk of failure)
Confirm with . or Enter, or press ? or * to list all spells.
Aiming: Fulminant Prism (safe; 2% risk of failure)
Press: ? - help, Dir - move target cursor You conjure a prism of explosive energy!
The slime creature hits you but does no damage.
Two slime creatures merge to form a large slime creature.
You hit the large slime creature.
The large slime creature is moderately wounded.
Your fulminant prism crackles loudly.
You hit the large slime creature. You drain the large slime creature.
The large slime creature is heavily wounded.
The large slime creature misses you.
Two slime creatures merge to form a very large slime creature.
Your fulminant prism explodes!
The blast of energy engulfs the very large slime creature!!
The very large slime creature is heavily wounded.
You hear a shout! x4
Casting: Fulminant Prism (safe; 2% risk of failure)
Confirm with . or Enter, or press ? or * to list all spells.
Aiming: Fulminant Prism (safe; 2% risk of failure)
Press: ? - help, Dir - move target cursor
Okay, then.
You thump the very large slime creature!
You bite the very large slime creature.
The very large slime creature is heavily wounded.
A very large slime creature splits.
Casting: Fulminant Prism (safe; 2% risk of failure)
Confirm with . or Enter, or press ? or * to list all spells.
Aiming: Fulminant Prism (safe; 2% risk of failure)
Press: ? - help, Dir - move target cursor You conjure a prism of explosive energy!
The large slime creature hits you!!
The slime creature hits you but does no damage.
You hit the large slime creature.
You headbutt the large slime creature, but do no damage.
You bite the large slime creature, but do no damage.
The large slime creature is heavily wounded.
The large slime creature hits you!!
* * * LOW HITPOINT WARNING * * *
Your fulminant prism crackles loudly.
The slime creature hits you!
* * * LOW HITPOINT WARNING * * *
The large slime creature hits you!!
You die...

###### ....$.
......
......#### .
.........## ...
....<.....#....
...............
....*.J@(......
......J#)......
##†###. #.#....
.. ...... ..(
... . #(..
###.. †... #
..###


You could see a large slime creature, a slime creature and a friendly fulminant
prism.

Vanquished Creatures
  Harold (D:8)
  A centaur warrior (D:8)
  Pikel (D:6)
  A lindwurm (D:8)
  2 trolls
  A hornet (D:7)
  4 yaks (D:6)
  Menkaure (D:6)
  A crocodile (D:8)
  Duvessa (D:7)
  A phantom (D:7)
  4 ice beasts
  An orc warrior (D:7)
  2 sky beasts
  A hornet zombie (D:6)
  2 ogres
  A bullfrog (D:7)
  Dowan (D:7)
  2 scorpions
  A howler monkey (D:6)
  2 orc priests
  2 crimson imps
  A bullfrog zombie (D:7)
  3 hounds
  6 orc wizards
  Crazy Yiuf (D:6)
  2 iguanas
  6 worker ants
  A hound zombie (D:5)
  A hound skeleton (D:5)
  A worker ant zombie (D:7)
  A howler monkey zombie (D:4)
  Robin (D:2)
  7 adders
  2 shadow imps
  2 oozes
  An adder skeleton (D:7)
  An adder zombie (D:8)
  2 worms (D:3)
  A dart slug (D:2)
  2 leopard geckos
  22 orcs
  2 giant cockroaches (D:2)
  7 goblins
  15 hobgoblins
  5 jackals
  9 quokkas
  7 bats
  5 frilled lizards
  9 kobolds
  8 rats
165 creatures vanquished.

Vanquished Creatures (collateral kills)
  A yak (D:6)
  An ogre (D:6)
2 creatures vanquished.

Vanquished Creatures (others)
  A dancing weapon (D:8)
  A yak (D:6)
  A human (D:4)
  27 fulminant prisms
  A fungus (D:6)
31 creatures vanquished.

Grand Total: 198 creatures vanquished

Notes
Turn   | Place    | Note
-------+----------+-------------------------------------------
     0 | D:1      | Reached skill level 3 in Spellcasting
     0 | D:1      | Artagas the Oni Conjurer began the quest for the Orb.
     0 | D:1      | Reached XP level 1. HP: 14/14 MP: 6/6
   366 | D:1      | Reached skill level 1 in Fighting
   502 | D:1      | Reached XP level 2. HP: 23/23 MP: 1/8
   505 | D:1      | Learned a level 2 spell: Searing Ray
   507 | D:1      | Learned a level 1 spell: Sandblast
  1214 | D:2      | Reached skill level 2 in Fighting
  1262 | D:2      | Reached skill level 2 in Dodging
  1341 | D:2      | Reached XP level 3. HP: 30/30 MP: 5/9
  1702 | D:2      | Learned a level 3 spell: Iskenderun's Mystic Blast
  1937 | D:2      | Reached skill level 3 in Fighting
  1988 | D:2      | Noticed Robin
  2017 | D:2      | Killed Robin
  2018 | D:2      | Reached XP level 4. HP: 38/38 MP: 1/10
  3314 | D:3      | Found a glowing golden altar of the Shining One.
  3329 | D:3      | Reached XP level 5. HP: 45/45 MP: 10/12
  3344 | D:3      | Reached skill level 4 in Spellcasting
  3465 | D:3      | Reached XP level 6. HP: 45/52 MP: 8/14
  3468 | D:3      | Reached skill level 4 in Fighting
  4304 | D:4      | Reached skill level 3 in Dodging
  4685 | D:4      | Noticed a sky beast
  4715 | D:4      | Killed a sky beast
  4716 | D:4      | Reached XP level 7. HP: 53/59 MP: 0/16
  4887 | D:4      | Found an ancient bone altar of Kikubaaqudgha.
  4888 | D:4      | Noticed a human
  4890 | D:4      | Killed a human
  5260 | D:5      | Entered Level 5 of the Dungeon
  5321 | D:5      | Reached skill level 5 in Spellcasting
  5557 | D:5      | Found a sacrificial altar of Ru.
  6130 | D:5      | Learned a level 4 spell: Fulminant Prism
  6134 | D:5      | Learned a level 3 spell: Tukima's Dance
  6220 | D:6      | Found an iron altar of Okawaru.
  6227 | D:6      | Noticed Menkaure
  6234 | D:6      | Killed Menkaure
  6235 | D:6      | Reached skill level 5 in Fighting
  6334 | D:6      | Reached XP level 8. HP: 42/68 MP: 1/18
  6591 | D:6      | Reached skill level 6 in Spellcasting
  6606 | D:6      | Reached skill level 4 in Dodging
  6681 | D:6      | Found a staircase to the Ecumenical Temple.
  6717 | Temple   | Entered the Ecumenical Temple
  6919 | Temple   | Became a worshipper of Cheibriados the Contemplative
  6996 | D:6      | Found Keeron's Assorted Antiques.
  7004 | D:6      | Bought a jewelled scimitar for 252 gold pieces
  7004 | D:6      | Bought a scroll labeled ZUR KUTYUBOF for 28 gold pieces
  7004 | D:6      | Bought a scroll of teleportation for 84 gold pieces
  7004 | D:6      | Bought a scroll of identify for 56 gold pieces
  7053 | D:6      | Reached skill level 6 in Fighting
  7139 | D:6      | Found a runed door.
  7235 | D:6      | Noticed a yak
  7235 | D:6      | Noticed a yak
  7250 | D:6      | Killed a yak
  7294 | D:6      | Noticed a yak
  7307 | D:6      | Noticed a yak
  7310 | D:6      | Reached skill level 7 in Fighting
  7310 | D:6      | Killed a yak
  7311 | D:6      | Reached XP level 9. HP: 63/79 MP: 5/20
  7346 | D:6      | Reached skill level 7 in Spellcasting
  7469 | D:6      | Noticed Pikel
  7474 | D:6      | Killed Pikel
  7475 | D:6      | Reached skill level 8 in Fighting
  7594 | D:6      | Reached skill level 5 in Dodging
  7594 | D:6      | Reached skill level 1 in Armour
  7762 | D:6      | Noticed Crazy Yiuf
  7765 | D:6      | Killed Crazy Yiuf
  7766 | D:6      | Reached skill level 2 in Armour
  7930 | D:7      | Reached skill level 3 in Armour
  8046 | D:7      | Reached * piety under Cheibriados
  8134 | D:7      | Noticed a hornet
  8140 | D:7      | Killed a hornet
  8141 | D:7      | Reached XP level 10. HP: 84/88 MP: 3/22
  8147 | D:7      | Learned a level 5 spell: Irradiate
  8152 | D:7      | Learned a level 4 spell: Sticky Flame
  8997 | D:7      | Noticed Duvessa
  8997 | D:7      | Noticed Dowan
  9007 | D:7      | Killed Dowan
  9007 | D:7      | Killed Duvessa
  9029 | D:7      | Found a sacrificial altar of Ru.
  9380 | D:8      | Reached skill level 8 in Spellcasting
  9392 | D:8      | Reached skill level 1 in Invocations
  9398 | D:8      | Noticed a centaur warrior
  9403 | D:8      | Reached skill level 1 in Evocations
  9404 | D:8      | Killed a centaur warrior
  9405 | D:8      | Reached skill level 2 in Invocations
  9405 | D:8      | Reached skill level 2 in Evocations
  9429 | D:8      | Noticed Harold
  9430 | D:8      | Noticed a lindwurm
  9494 | D:8      | Reached skill level 3 in Invocations
  9494 | D:8      | Killed Harold
  9494 | D:8      | Reached ** piety under Cheibriados
  9494 | D:8      | Killed a lindwurm
  9495 | D:8      | Reached skill level 4 in Armour
  9495 | D:8      | Reached skill level 4 in Invocations
  9495 | D:8      | Reached skill level 3 in Evocations
  9520 | D:8      | Mangled by a large slime creature

Skill      XL: |  1  2  3  4  5  6  7  8  9 10 |
---------------+-------------------------------+-----
Spellcasting   | 4 5 6 7 8 |  8.0
Fighting       | 1 2 3 4 5 7 8 |  8.0
Dodging        | 2 3 4 5 |  5.0
Armour         | 3 4 |  4.7
Invocations    | 4 |  4.5
Evocations     | 3 |  3.8
Stealth        | |  1.7
Conjurations   | |  8.0
Hexes          | |  8.0
Charms         | |  8.0
Summonings     | |  8.0
Necromancy     | |  8.0
Translocations | |  8.0
Transmutations | |  8.0
Fire Magic     | |  8.0
Ice Magic      | |  8.0
Air Magic      | |  8.0
Earth Magic    | |  8.0
Poison Magic   | |  8.0

Action                   |  1- 3 |  4- 6 |  7- 9 | 10-12 || total
-------------------------+-------+-------+-------+-------++-------
Melee: Falchion          |     6 |     7 |       |       ||    13
       Flail             |       |    14 |    41 |     7 ||    62
       Headbutt          |       |     1 |     8 |     2 ||    11
       Bite              |       |     1 |     4 |     3 ||     8
Throw: Tomahawk          |       |     9 |    12 |     6 ||    27
 Cast: Magic Dart        |    72 |    61 |    39 |       ||   172
       Searing Ray       |     7 |     3 |     5 |       ||    15
       Iskenderun's Myst |       |    26 |    45 |    25 ||    96
       Sandblast         |       |     1 |       |       ||     1
       Fulminant Prism   |       |       |    15 |    13 ||    28
       Tukima's Dance    |       |       |     1 |     1 ||     2
       Sticky Flame      |       |       |       |     2 ||     2
       Irradiate         |       |       |       |     2 ||     2
Evoke: Wand              |       |       |     2 |       ||     2
  Use: Scroll            |     2 |     2 |     4 |     6 ||    14
       Potion            |       |       |     2 |       ||     2
  Eat: Chunk             |     6 |    13 |    14 |     3 ||    36
       Ration            |       |       |     2 |       ||     2
Armor: Animal skin       |     1 |     7 |       |       ||     8
       Leather armour    |       |     4 |    21 |       ||    25
       Robe              |       |       |     1 |     5 ||     6
Dodge: Dodged            |    30 |    19 |    52 |    17 ||   118

Levels and vault maps discovered:
D:1:      minmay_arrival_arboretum_small, layout_basic
D:2:      layout_basic, uniq_robin
D:3:      layout_basic, tso_metal_star
D:4:      layout_loops_corners, first_ration, tgw_kikubaaqudgha
D:5:      layout_basic, kennysheep_mini_moat
D:6:      layout_basic, nicolae_overflow_crystal_walls,
          minmay_temple_entry_drinking_statues, serial_shops, shop,
          uniq_menkaure, uniq_pikel, uniq_crazy_yiuf_cottage
D:7:      layout_layer_cave, nicolae_ru_awakened_eye, uniq_duvessa
D:8:      layout_rooms, minmay_lair_entry_lava, grunt_ogre_cave, uniq_harold
Temple:   mainiacjoe_temple_archimedes_tessellation

Table legend:
 A = Turns spent in this place as a percentage of turns spent in the entire game.
 B = Non-inter-level travel turns spent in this place as a percentage of non-inter-level travel turns spent in the entire game.
 C = Inter-level travel turns spent in this place as a percentage of turns spent in this place.
 D = Turns resting spent in this place as a percentage of non-inter-level travel turns spent in this place.
 E = Turns spent auto-exploring this place as a percentage of non-inter-level travel turns spent in this place.
 F = Non-inter-level travel turns spent in this place divided by the number of levels of this place that you've seen.
                   A       B       C       D       E      F
               +-------+-------+-------+-------+-------+----------------------
         Total | 100.0 | 100.0 |   7.7 |  12.1 |  69.8 | 976.0
       Dungeon |  97.6 |  97.9 |   7.5 |  12.4 |  69.2 | 1074.5
        Temple |   2.4 |   2.1 |  18.6 |   0.0 |  95.2 | 188.0
               +-------+-------+-------+-------+-------+----------------------

Table legend:
 A = Kills in this place as a percentage of kills in entire the game.
 B = Kills by you in this place as a percentage of kills by you in the entire game.
 C = Kills by friends in this place as a percentage of kills by friends in the entire game.
 D = Other kills in this place as a percentage of other kills in the entire game.
 E = Experience gained in this place as a percentage of experience gained in the entire game.
 F = Experience gained in this place divided by the number of levels of this place that you have seen.
                   A       B       C       D       E      F
               +-------+-------+-------+-------+-------+----------------------
         Total | 100.0 | 100.0 | 100.0 | 100.0 | 100.0 | 976.7
       Dungeon | 100.0 | 100.0 | 100.0 | 100.0 | 100.0 | 1098.8
               +-------+-------+-------+-------+-------+----------------------
